 Dungeon Crawl Stone Soup version 0.24-a0-513-g284f782df5 (webtiles) character file.

Game seed: 12975042035379886928

11 AarnesTheHuman the Ogre Mage (level 2, -3/27 HPs)
             Began as an Ogre Wizard on July 20, 2019.
             Slain by a leopard gecko (4 damage)
             ... on level 1 of the Dungeon.
             The game lasted 00:01:45 (175 turns).

AarnesTheHuman the Ogre Mage (Ogre Wizard)           Turns: 175, Time: 00:01:46

Health: -3/27      AC:  3    Str: 10    XL:     2   Next: 25%
Magic:  2/6        EV: 10    Int: 19    God:
Gold:   26         SH:  0    Dex:  7    Spells: 7/8 levels left

rFire    . . .     SeeInvis .   c - +0 club
rCold    . . .     Gourm    .   (no shield)
rNeg     . . .     Faith    .   a - +0 robe
rPois    .         Spirit   .   b - +0 hat
rElec    .         Reflect  .   (no cloak)
rCorr    .         Harm     .   (gloves unavailable)
MR       .....                  (boots unavailable)
Stlth    +.........             (no amulet)
HPRegen  0.09/turn              (no ring)
MPRegen  0.10/turn              (no ring)

@: no status effects
A: large, unfitting armour, tough skin 1
a: no special abilities


You were on level 1 of the Dungeon.
You were not hungry.

You visited 1 branch of the dungeon, and saw 1 of its levels.

You collected 26 gold pieces.

Inventory:

Hand Weapons
 c - a +0 club (weapon)
Armour
 a - a +0 robe (worn)
 b - a +0 hat (worn)
Scrolls
 f - a scroll of identify {unknown}
 h - a scroll of teleportation {unknown}
Potions
 e - a potion of mutation {unknown}
 g - a potion of curing {unknown}
Comestibles
 d - a ration
 i - 5 chunks of flesh


   Skills:
 + Level 1.3 Fighting
 - Level 1.7 Dodging
 - Level 1.4 Stealth
 + Level 3.8 Spellcasting
 + Level 1.3 Conjurations
   Level 0.8 Summonings
   Level 0.8 Translocations


You had 7 spell levels left.
You knew the following spells:

 Your Spells              Type           Power        Failure   Level  Hunger
a - Magic Dart            Conj           #...         9%          1    None

Your spell library contained the following spells:

 Spells                   Type           Power        Failure   Level  Hunger
 Blink                    Tloc           N/A          16%         2    ##.....
 Call Imp                 Summ           #.......     16%         2    ##.....
 Slow                     Hex            #.......     22%         2    ##.....
 Conjure Flame            Conj/Fire      #.......     32%         3    ###....
 Mephitic Cloud           Conj/Pois/Air  #.......     34%         3    ###....


Dungeon Overview and Level Annotations

Branches:
Dungeon (1/15)

Altars:


Innate Abilities, Weirdness & Mutations

You are too large for most types of armour.
You have tough skin. (AC +1)


Message History

The leopard gecko is heavily wounded.
The leopard gecko bites you.
You barely miss the leopard gecko.
The leopard gecko is heavily wounded.
The leopard gecko barely misses you. The leopard gecko bites you.
You barely miss the leopard gecko.
The leopard gecko is moderately wounded.
The leopard gecko bites you.
* * * LOW HITPOINT WARNING * * *
You barely miss the leopard gecko.
The leopard gecko is moderately wounded.
The leopard gecko barely misses you. The leopard gecko closely misses you.
You barely miss the leopard gecko.
The leopard gecko is moderately wounded.
The leopard gecko barely misses you. The leopard gecko bites you.
* * * LOW HITPOINT WARNING * * *
You barely miss the leopard gecko.
The leopard gecko is moderately wounded.
The leopard gecko bites you.
You die...

###. ... ### #.. #..
... #.#######.#
#.#(....#.#
#.#.#...#l#
.#.#.###.#.#...#@#.###
..........÷.......>..#
.#.#.###.#.#...#.#.#.#
.#.#.# #[#.#...#.#.#
.#.#.# #.#.#...#.# #
.#...###.#.#.#.#.#
.#.......#.#(..#.#
.÷.......#.#####.#
.........#.. .#


You could see a leopard gecko.

Vanquished Creatures
  A leopard gecko (D:1)
  A bat (D:1)
  4 goblins (D:1)
  A frilled lizard (D:1)
  A kobold (D:1)
  A rat (D:1)
9 creatures vanquished.

Notes
Turn   | Place    | Note
-------+----------+-------------------------------------------
     0 | D:1      | AarnesTheHuman the Ogre Wizard began the quest for the Orb.
     0 | D:1      | Reached XP level 1. HP: 16/16 MP: 5/5
     9 | D:1      | Reached skill level 1 in Conjurations
    99 | D:1      | Reached skill level 1 in Fighting
    99 | D:1      | Reached XP level 2. HP: 27/27 MP: 0/6
   174 | D:1      | HP: 1/27 [leopard gecko (5)]
   175 | D:1      | Slain by a leopard gecko

Levels and vault maps discovered:
D:1:      evilmike_arrival_come_back, layout_basic, columned_hall_lemuel

Skill      XL: |  1 |
---------------+----+-----
Conjurations   | 1 |  1.3
Fighting       | 1 |  1.3
Dodging        | |  1.7
Stealth        | |  1.4
Spellcasting   | |  3.8
Summonings     | |  0.8
Translocations | |  0.8

Action                   || total
-------------------------++-------
Melee: Club              ||    25
 Cast: Magic Dart        ||    18
Armor: Robe              ||     8
Dodge: Dodged            ||    17

Table legend:
 A = Non-vault XP
 B = Vault XP
 C = Vault XP percentage of total XP
 D = Non-vault monster count
 E = Vault monster count
 F = Vault count percentage of total count
                 A         B        C        D         E       F
            +---------+---------+-------+---------+---------+-------
      Total |      16 |       0 |   0.0 |       9 |       0 |   0.0
            +---------+---------+-------+---------+---------+-------
        D:1 |      16 |       0 |   0.0 |       9 |       0 |   0.0
            +---------+---------+-------+---------+---------+-------
